Unix NetHack Version 5.0.0-0 post-release - last build May 31 2026 23:59:36 (970b52f25bf058293b47ddfd14a1e40e571c508c,branch:main).

Game began 2026-06-02 17:24:05, ended 2026-06-04 17:34:17.

Jera, neutral female human Barbarian

                                 @@      @
                                  @         &
                                       B
            -----                 @  @
   @ A@  waaaaaQ|                 A   @                           A A@  @
    A---------@a--   -------      @  D      A                  @
   zD|aaaaaaa|aaa-- --.gaaDaa                        AA        @     qA   A
   AD|aaE@Ua@|aa@a---Ya@a.aaNa   A                   AA @      @V  @      a
   a@|aaa@aaaaaaa@aDaa'%a.t.Aqa      A   t A    @    a            a  @
   Aa|~a~a@aa|aaaa---aWa@@HAag            A           @t@             D    H
   aa|w~~~aDa|aaa-- --@A.D.@Y-                     &   t       @      @A
   a'---------aa--   ----a----       @    a                     @
   Da aa aaaaaaa|      |waa------- @a@A
            -----      |aaa.Nt.a.| B     @  A   aA   wq  A A
                       -------...-  A    U@        A     A
                             |.Aaa-      N   A    @A   g
                             ---aa.-         aAJ     BDE  Aa
                                AA.D   D
                                 -
Jera the Reaver            St:18/31 Dx:20 Co:15 In:17 Wi:21 Ch:13  Neutral
Astral Plane $:0 HP:0(237) Pw:63(63) AC:-23 Xp:20/5168306 Satiated Conf T:29964

Latest messages:
 [HP -13, 70 left]
 The high priestess of Set kicks!
 [HP -8, 62 left]
 The high priestess of Set casts a spell!
 The high priestess of Set summons insects!
 The high priestess of Set points at you, then curses.
 The high priestess of Set swings her mace.
 The high priestess of Set hits!
 [HP -16, 46 left]
 The high priestess of Set kicks!
 [HP -1, 45 left]
 The high priestess of Set points at you, then curses.
 The high priestess of Set points all around, then curses.
 The giant ant misses!
 The high priestess of Set swings her mace.
 The high priestess of Set hits!
 [HP -20, 25 left]
 The high priestess of Set kicks!
 [HP -7, 18 left]
 The high priestess of Set points at you, then curses.
 The high priestess of Set points at you, then curses.
 The high priestess of Set swings her mace.
 The high priestess of Set hits!
 [HP -1, 17 left]
 The high priestess of Set kicks!
 [HP -2, 15 left]
 The high priestess of Set points at you, then curses.
 The high priestess of Set points at you, then curses.
 You feel a bit steadier now.
 The giant ant bites!
 [HP -1, 16 left]
 The giant ant bites!
 [HP -1, 15 left]
 The giant beetle bites!
 [HP -5, 10 left]
 The giant beetle bites!
 [HP -1, 9 left]
 The red dragon bites the giant ant.
 The red dragon hits the giant ant.
 The red dragon hits the giant ant.
 The giant ant bites!
 [HP -1, 8 left]
 You hear a masticating sound.
 You hear a distant zap.
 A zruty suddenly appears close by!
 The high priestess of Set swings her mace.
 The high priestess of Set hits!
 [HP -28, -20 left]
 You die...
 Do you want your possessions identified? [ynq] (y) y

Inventory:
 Amulets  ('"')
  S - the uncursed Amulet of Yendor named yay
 Weapons  (')')
  A - an uncursed +6 silver saber (wielded in left hand)
  a - a blessed rustproof +6 trident (wielded in right hand)
 Wands    ('/')
  U - an uncursed wand of death (3:4)
  n - an uncursed wand of death (1:1)
  C - an uncursed wand of death (0:0)
  O - an uncursed wand of fire (0:7)
  M - an uncursed wand of fire (0:6)
  Z - a blessed wand of teleportation (0:0)
  I - an uncursed wand of teleportation (0:2)
  N - an uncursed wand of teleportation (0:2)
  Q - an uncursed wand of teleportation (0:2)
 Rings    ('=')
  o - an uncursed ring of conflict (on left hand)
  k - an uncursed ring of free action
  i - an uncursed ring of regeneration (on right hand)
  p - a blessed ring of slow digestion
  T - an uncursed ring of teleport control
 Tools    ('(')
  d - a blessed greased bag of holding containing 79 items
  e - the uncursed Bell of Opening (0:1)
  r - an uncursed brass lantern
  P - the uncursed Candelabrum of Invocation (7 of 7 candles attached)
  m - an uncursed lock pick
  v - an uncursed stethoscope
  c - an uncursed towel
  z - a blessed +0 unicorn horn
 Potions  ('!')
  R - an uncursed potion of full healing
 Spellbooks  ('+')
  t - the uncursed Book of the Dead
 Comestibles  ('%')
  G - an uncursed partly eaten lembas wafer
  J - an uncursed partly eaten lembas wafer
  V - an uncursed partly eaten lembas wafer
  B - an uncursed lizard corpse
 Armor    ('[')
  E - a blessed +3 helm of brilliance (being worn)
  K - a blessed +3 pair of gauntlets of dexterity (being worn)
  j - a blessed greased fireproof +1 pair of jumping boots (being worn)
  L - an uncursed greased +3 cloak of magic resistance (being worn)
  W - an uncursed +3 blue dragon scale mail (being worn)
 Gems/Stones  ('*')
  q - the blessed Heart of Ahriman

Contents of the bag of holding:
  807 gold pieces
  a blessed amulet of flying
  an uncursed amulet of reflection
  an uncursed amulet of reflection
  an uncursed amulet of unchanging
  an uncursed wand of cold (0:6)
  an uncursed wand of cold (0:4)
  an uncursed wand of digging (0:3)
  an uncursed wand of digging (0:0)
  an uncursed wand of fire (0:5)
  an uncursed wand of fire (0:4)
  an uncursed wand of lightning (0:4)
  an uncursed wand of lightning (0:3)
  an uncursed wand of polymorph (0:8)
  an uncursed wand of polymorph (0:4)
  an uncursed wand of sleep (0:7)
  an uncursed wand of sleep (0:6)
  an uncursed wand of sleep (0:5)
  an uncursed wand of stasis (0:4)
  an uncursed wand of stasis (0:4)
  an uncursed wand of striking (0:6)
  an uncursed wand of striking (0:6)
  an uncursed wand of striking (0:5)
  an uncursed wand of striking (0:4)
  an uncursed wand of undead turning (0:6)
  an uncursed ring of fire resistance
  an uncursed ring of hunger
  a blessed +1 ring of increase damage
  a cursed -1 ring of increase damage
  an uncursed ring of invisibility
  an uncursed ring of levitation
  an uncursed ring of polymorph
  an uncursed ring of polymorph control
  an uncursed ring of regeneration
  an uncursed ring of searching
  a blessed ring of shock resistance
  an uncursed ring of sustain ability
  an uncursed can of grease (0:14)
  an uncursed expensive camera (0:64)
  a blessed magic marker (0:0)
  a blessed magic marker (1:0)
  an uncursed magic marker (1:0)
  an uncursed oil lamp
  an uncursed tinning kit (0:75)
  5 uncursed wax candles
  9 uncursed scrolls of blank paper
  3 blessed scrolls of charging
  a blessed scroll of earth
  a blessed scroll of gold detection
  2 blessed scrolls of identify
  4 blessed scrolls of remove curse
  a blessed scroll of taming
  an uncursed scroll of taming
  2 uncursed potions of gain energy
  2 uncursed potions of gain level
  3 blessed potions of object detection
  5 uncursed potions of paralysis
  9 potions of holy water
  3 uncursed grapes
  3 uncursed slime molds
  2 uncursed C-rations
  2 uncursed carrots
  3 uncursed cram rations
  4 uncursed food rations
  4 uncursed lembas wafers
  6 uncursed lumps of royal jelly
  2 uncursed tripe rations
  an uncursed tin of floating eye meat
  7 uncursed eggs
  an uncursed lizard corpse
  an uncursed lizard corpse
  a blessed +3 pair of leather gloves
  an uncursed burnt +0 mummy wrapping
  2 uncursed diamonds
  4 uncursed emeralds
  an uncursed jet stone
  3 uncursed rubies
  2 uncursed turquoise stones
  a blessed luckstone

Jera the Barbarian's attributes:

Background:
 You were a Reaver, a level 20 female human Barbarian.
 You were neutral, on a mission for Crom
 who was opposed by Mitra (lawful) and Set (chaotic).
 You were right-handed.
 You were in the endgame, on the Astral Plane.
 You entered the dungeon 29964 turns ago.
 You had 5168306 experience points, 4831694 more were needed for level 21.

Basics:
 You had 0 out of 237 hit points.
 You had all 63 energy points (spell power).
 Your armor class was -23.
 Your wallet was empty, but
 you had 807 zorkmids stashed away in your pack.
 Autopickup was on for '0' plus thrown, with exceptions.

Final Characteristics:
 Your strength was 18/31 (limit:18/100).
 Your dexterity was 20 (base:17, peak:18, innate limit:18).
 Your constitution was 15 (peak:18, limit:18).
 Your intelligence was 17 (base:14, peak:15, limit:18).
 Your wisdom was 21 (base:18, innate limit:18).
 Your charisma was 13 (limit:18).

Final Status:
 You were confused.
 You were satiated.
 You were unencumbered.
 You were wielding two weapons at once.
 Your skill in trident was limited by being basic with two weapons.
 You had basic skill with saber and two weapons.

Final Attributes:
 You were piously aligned.
 You were magic-protected.
 You were fire resistant.
 You were cold resistant.
 You were sleep resistant.
 You were disintegration resistant.
 You were shock resistant.
 Your items were protected from electric shocks.
 You were poison resistant.
 You saw invisible.
 You were telepathic.
 You were sensing the presence of monsters.
 You were invisible to others.
 You were stealthy.
 You caused conflict.
 You could jump.
 You regenerated.
 You had a moderate defense bonus (+7).
 You were warded.
 You were very fast.
 You were extremely lucky.
 You had extra luck.
 Good luck did not time out for you.
 You are dead (4th time!).

Miscellaneous:
 You encountered 3 bones levels.
 Total elapsed playing time was 8 hours, 45 minutes and 54 seconds.

Major events:
 Turn
    1: Jera the neutral female human Barbarian entered the dungeon
  792: entered the Gnomish Mines
  846: attained the rank of Pillager (level 3)
 2096: attained the rank of Bandit (level 6)
 2117: reached Mine Town
 5590: entered the Bigroom
 5633: entered Sokoban
 5909: completed 1st Sokoban level
 6623: completed 2nd Sokoban level
 6858: completed 3rd Sokoban level
 7393: completed 4th Sokoban level
 8267: acquired the Sokoban amulet of reflection
 8985: attained the rank of Brigand (level 10)
10467: acquired the Mines' End luckstone
14034: was bestowed with Cleaver by Crom
17729: entered Home 1, the Quest
18764: read a Discworld novel
20200: was bestowed with Vorpal Blade by Crom
21625: killed Medusa
23210: attained the rank of Raider (level 14)
23461: made her first wish - "2 blessed scrolls of genocide", got "a scroll labeled VENZAR BORGAVVE"
23461: performed her first genocide (class L)
23463: wished for "blessed magic marker", got "a magic marker"
23488: wished for "blessed greased fixed +2 jumping boots", got "a greased pair of snow boots"
23564: Pelias has granted access to proceed deeper into the quest
23582: entered Home 2, the Quest
23603: entered Home 3, the Quest
23708: entered Home 4, the Quest
23718: entered Home 5, the Quest
23767: entered Home 6, the Quest
23806: killed Thoth Amon
23808: found the Heart of Ahriman on the floor
23808: acquired the Bell of Opening
24065: entered Gehennom
24747: killed Juiblex
24965: bribed Asmodeus with 1230 zorkmids for safe passage
25077: bribed Baalzebub with 1946 zorkmids for safe passage
25931: destroyed Vlad the Impaler
25932: acquired the Candelabrum of Invocation
26111: wished for "blessed fixed ring of slow digestion", got "a sapphire ring"
26515: killed Orcus
26613: attained the rank of Reaver (level 18)
26898: genocided class h
27369: genocided class R
27508: killed the Wizard of Yendor
27509: acquired the Book of the Dead
27776: found Trollsbane carried by a monster
27776: performed the invocation
27989: killed the high priest of Moloch
27991: acquired The Amulet of Yendor
27992: wished for "2 cursed potions of gain level", got "a potion of gain level"
28095: killed the Wizard of Yendor (2nd time)
28292: killed the Wizard of Yendor (3rd time)
29220: killed the Wizard of Yendor (5th time)
29652: entered the Elemental Planes
29652: entered Plane of Earth
29725: entered Plane of Air
29765: entered Plane of Fire
29797: entered Plane of Water
29800: genocided class ;
29833: entered the Astral Plane
29841: killed Famine
29867: killed Famine (2nd time)
29880: killed Famine (3rd time)
29913: killed Famine (5th time)
29939: averted death (killed by Famine)
29941: averted death (killed by Famine)
29944: averted death (killed by Famine)
29964: killed by the high priestess of Set, while moving through the air

Spells:
 Name                 Level Category     Fail Retention
 chain lightning        2   attack        69%    (gone)

Skills:
 Fighting Skills
   bare handed combat [Basic]
   two weapon combat  [Basic]
   riding             [Unskilled]
 Weapon Skills
   dagger             [Unskilled]
   axe                [Basic]
   pick-axe           [Unskilled]
   short sword        [Unskilled]
   broadsword         [Unskilled]
   long sword         [Unskilled]
   two-handed sword   [Basic]
   saber              [Basic]
   club               [Basic]
   mace               [Unskilled]
   morning star       [Unskilled]
   flail              [Unskilled]
   hammer             [Unskilled]
   quarterstaff       [Unskilled]
   spear              [Unskilled]
   trident            [Skilled]
   bow                [Unskilled]
 Spellcasting Skills
   attack spells      [Unskilled]
   escape spells      [Unskilled]

Voluntary challenges:
 Your character was not rerolled.
 You genocided 19 types of monsters.
 You never changed form.
 You used 5 wishes.
 You did not wish for any artifacts.
 You did not violate any of the special Sokoban rules.
Achievements:
 You entered a shop.
 You entered the Gnomish Mines.
 You attained the rank of Pillager.
 You attained the rank of Bandit.
 You entered Minetown.
 You entered a temple.
 You entered the Big Room.
 You entered Sokoban.
 You completed Sokoban.
 You attained the rank of Brigand.
 You completed the Gnomish Mines.
 You read from a Discworld novel.
 You defeated Medusa.
 You attained the rank of Raider.
 You had the Bell of Opening.
 You entered Gehennom.
 You had the Candelabrum of Invocation.
 You attained the rank of Reaver.
 You had the Book of the Dead.
 You gained access to Moloch's Sanctum.
 You had the Amulet of Yendor.
 You reached the Elemental Planes.
 You reached the Astral Plane.

 The Elemental Planes:
    Astral Plane: <- You were here.
       A temple and an altar.
       Final resting place for
          you, killed by the high priestess of Set, while moving through the air.
    Plane of Water:
    Plane of Fire:
    Plane of Air:
    Plane of Earth:
 The Dungeons of Doom: levels 1 to 28
    Level 1:
       An altar, a sink.
       One way stairs up to The Elemental Planes.
    Level 2:
    Level 3:
       A potion shop, an altar to Crom.
       Stairs down to The Gnomish Mines.
    Level 4:
       A fountain.
    Level 5:
       Final resting place for
          jigsy-Arc-Hum-Fem-Law, killed by an iguana, while frozen by a floating eye's gaze.
    Level 6:
       Many fountains.
    Level 7:
       A general store.
    Level 8:
       A fountain.
    Level 9:
    Level 10:
       Stairs up to Sokoban, level 9.
    Level 11:
       A grave.
       A very big room.
       Final resting place for
          SchlotNethack-Bar-Orc-Mal-Cha, killed by a Grey-elf.
    Level 12:
       A grave.
    Level 13:
       A scroll shop, an altar to Crom.
    Level 14:
       A potion shop, some fountains.
    Level 15:
       An altar, a fountain, a grave.
       Portal to The Quest.
    Level 16:
       A temple and an altar.
    Level 17:
       A fountain.
    Level 18:
       A primitive area.
    Level 19:
       Some shops, a sink.
    Level 20:
       A scroll shop.
    Level 21:
    Level 22:
    Level 23:
       An altar.
    Level 24:
       A wand shop, a sink.
    Level 25:
    Level 26:
       A fountain.
    Level 27:
    Level 28:
       A fountain.
 Gehennom: levels 29 to 52
    Level 29:
       A temple and an altar, many graves.
       Valley of the Dead.
    Level 30:
    Level 31:
    Level 32:
    Level 33:
       A fountain.
    Level 34:
    Level 35:
    Level 36:
    Level 37:
    Level 38:
    Level 39:
       Stairs up to Vlad's Tower, level 38.
    Level 40:
    Level 41:
    Level 42:
       Some shops, an altar, many graves.
    Level 43:
    Level 44:
    Level 45:
    Level 46:
    Level 47:
    Level 48:
    Level 49:
    Level 50:
    Level 51:
    Level 52:
       A temple and an altar, many graves.
       Moloch's Sanctum.
 The Gnomish Mines: levels 4 to 11
    Level 4:
    Level 5:
    Level 6:
    Level 7:
       Many shops, a temple and an altar, some fountains, a grave, some trees.
       Final resting place for
          heather-Arc-Dwa-Fem-Law, killed by a rock,
          magnolian-Val-Hum-Fem-Law, killed by an invisible gnome.
    Level 8:
    Level 9:
    Level 10:
    Level 11:
 The Quest: levels 1 to 6
    Level 1:
       Many trees.
       Completed quest for Pelias.
    Level 2:
    Level 3:
    Level 4:
    Level 5:
    Level 6:
       An altar.
 Sokoban: levels 9 up to 6
    Level 6:
       Solved.
    Level 7:
       Solved.
    Level 8:
       Solved.
    Level 9:
       Solved.
 Vlad's Tower: levels 38 up to 36
    Level 36:
    Level 37:
    Level 38:


Vanquished creatures:
    Orcus
    Juiblex
the Wizard of Yendor (8 times)
    Famine (6 times)
    Vlad the Impaler
  a high cleric
  3 erinyes
  a mastodon
    Medusa
 18 krakens
 an Archon
  5 iron golems
  a storm giant
  4 glass golems
  5 balrogs
    Thoth Amon
  6 purple worms
  2 silver dragons
  7 red dragons
  4 white dragons
  3 orange dragons
  3 black dragons
  2 blue dragons
  a green dragon
  a yellow dragon
 24 minotaurs
  4 baluchitheria
  2 Angels
  2 demiliches
  a stone golem
  4 master mind flayers
  5 Olog-hai
  4 Nazgul
  4 pit fiends
  5 hell hounds
  a displacer beast
  3 titanotheres
  a baby gray dragon
  4 baby red dragons
  2 guardian nagas
  a genetic engineer
  2 disenchanters
 17 vampire leaders
  2 skeletons
  9 aligned clerics
  4 captains
  6 shades
  a lich
  2 water trolls
  4 nurses
  6 ice devils
  5 nalfeshnees
  2 lurkers above
 an Aleax
  6 ettins
  a golden naga
  9 black puddings
 28 vampires
  4 lieutenants
 34 ghosts
 11 queen bees
  a winged gargoyle
  2 mind flayers
  4 giant mimics
  3 long worms
  2 zruties
  2 fire giants
 13 ogre tyrants
 an ice troll
 25 rock trolls
  4 umber hulks
  3 flesh golems
  3 elven monarchs
  4 doppelgangers
 12 hezrous
  7 bone devils
  4 large mimics
  3 wumpuses
  2 fire vortices
  a baby purple worm
  4 couatls
 11 stalkers
 an air elemental
  7 fire elementals
  2 earth elementals
  3 water elementals
  6 hill giants
  4 giant mummies
  3 black nagas
  9 xorns
 13 giant zombies
  4 elf-nobles
 14 sergeants
  5 barbed devils
 11 vrocks
  3 salamanders
 12 wargs
  2 winter wolves
  3 hell hound pups
 13 small mimics
  a glass piercer
  4 warhorses
  7 steam vortices
  7 xans
  2 ettin mummies
 10 ogre leaders
 15 trolls
  2 sasquatches
  3 wood golems
  4 mariliths
  4 sharks
  9 electric eels
  9 gelatinous cubes
  6 pyrolisks
  2 large dogs
  a freezing sphere
  7 flaming spheres
  8 shocking spheres
  a large cat
  5 tigers
  3 gargoyles
  2 dwarf rulers
  4 tengu
  4 ochre jellies
  4 leocrottas
  5 energy vortices
  a mountain centaur
  5 elf mummies
  a human mummy
  a red naga
  a green slime
  2 pythons
  a pit viper
  2 cobras
 49 wraiths
 13 ettin zombies
 14 Grey-elves
 57 soldiers
  3 watchmen
  7 amorous demons
  6 horned devils
  6 chameleons
  a crocodile
 32 giant beetles
  4 quivering blobs
 15 cockatrices
  5 wolves
  5 winter wolf cubs
  2 lynxes
  3 panthers
  6 gremlins
  7 leprechauns
  3 orc-captains
 an iron piercer
  2 mumakil
  8 giant spiders
  5 scorpions
  4 horses
  2 ice vortices
 10 black lights
  7 vampire bats
  4 forest centaurs
  3 orc mummies
  2 dwarf mummies
 56 ogres
 12 brown puddings
 12 rust monsters
  6 owlbears
  8 yetis
  4 gold golems
  3 werewolves
  5 Green-elves
  5 piranha
 17 giant eels
  7 lizards
  8 chickatrices
  2 dingoes
  5 dogs
  4 housecats
  2 jaguars
  3 dwarf leaders
  a blue jelly
  a white unicorn
  3 black unicorns
  4 dust vortices
  5 ravens
  3 plains centaurs
  3 gnome mummies
  4 snakes
  3 apes
 20 human zombies
  3 Woodland-elves
 48 soldier ants
 25 fire ants
  2 bugbears
  3 imps
  3 lemures
  6 quasits
  6 wood nymphs
  a water nymph
  4 mountain nymphs
  3 Mordor orcs
 an orc shaman
  4 rock piercers
  5 rock moles
  3 ponies
  5 fog clouds
  8 yellow lights
  3 violet fungi
 16 gnome leaders
  2 gnomish wizards
  2 kobold mummies
  5 gray oozes
  3 barrow wights
 10 elf zombies
 10 ghouls
  4 straw golems
  2 paper golems
  5 jellyfish
 45 giant ants
  a little dog
 12 floating eyes
 29 dwarves
  4 homunculi
  4 kobold leaders
  2 kobold shamans
  4 hill orcs
 26 rothes
  2 rabid rats
  a centipede
  3 giant bats
 26 orc zombies
 24 dwarf zombies
  3 wererats
  6 iguanas
104 killer bees
  3 acid blobs
  6 coyotes
  a gas spore
  8 hobbits
  3 manes
  2 large kobolds
  5 hobgoblins
  3 giant rats
  6 cave spiders
  a brown mold
  3 yellow molds
  a green mold
  2 red molds
 58 gnomes
  a garter snake
 10 gnome zombies
  8 geckos
  4 jackals
  3 foxes
  4 kobolds
  3 goblins
  a sewer rat
  3 grid bugs
  2 bats
 13 lichens
 13 kobold zombies
 14 newts
1838 creatures vanquished.

Genocided or extinct species:
 arch-liches
 erinyes (extinct)
 krakens
 master liches
 demiliches
 master mind flayers
 disenchanters
 liches
 mind flayers
 sharks
 electric eels
 dwarf rulers
 rust monsters
 piranha
 giant eels
 dwarf leaders
 bugbears
 jellyfish
 dwarves
 killer bees (extinct)
 hobbits
19 species genocided.
2 species extinct.

Game over:
                       ----------
                      /          \
                     /    REST    \
                    /      IN      \
                   /     PEACE      \
                  /                  \
                  |       Jera       |
                  |      807 Au      |
                  |  killed by the   |
                  |  high priestess  |
                  |      of Set      |
                  |                  |
                  |       2026       |
                 *|     *  *  *      | *
        _________)/\\_//(\/(/\)/\//\/|_)_______

Goodbye Jera the Barbarian...

You died in The Astral Plane with 1107569 points,
and 807 pieces of gold, after 29964 moves.
You were level 20 with a maximum of 237 hit points when you died.

